 Dungeon Crawl Stone Soup version 0.24-a0-417-g1cce26a4d2 (webtiles) character file.

Game seed: 16872056440796234509

763 Amnesiac the Covert (level 7, -5/48 HPs)
             Began as an Octopode Transmuter on June 10, 2019.
             Slain by an ogre
             ... wielding a +0 giant club
              (33 damage)
             ... on level 5 of the Dungeon.
             The game lasted 00:09:24 (2655 turns).

Amnesiac the Covert (Octopode Transmuter)           Turns: 2655, Time: 00:09:25

Health: -5/48      AC:  1    Str: 10    XL:     7   Next: 81%
Magic:  10/10      EV: 15    Int: 15    God:
Gold:   133        SH:  0    Dex: 14    Spells: 2/10 levels left

rFire    . . .     SeeInvis .     - Unarmed
rCold    . . .     Gourm    .   (no shield)
rNeg     . . .     Faith    .   (helmet restricted)
rPois    .         Spirit   .   m - amulet of harm
rElec    .         Reflect  .   o - ring of stealth
rCorr    .         Harm     +   (no ring)
MR       .....                  (no ring)
Stlth    ++++++....             (no ring)
HPRegen  0.16/turn              (no ring)
MPRegen  0.12/turn              (no ring)
                                (no ring)
                                (no ring)

@: flying, very slightly contaminated, hasted, very quick
A: almost no armour, stealthy swim, amphibious, 8 rings, constrict 8, camouflage
1, gelatinous body 1
a: no special abilities


You were on level 5 of the Dungeon.
You were not hungry.

You visited 1 branch of the dungeon, and saw 5 of its levels.

You collected 133 gold pieces.

Inventory:

Missiles
 a - 41 arrows
Jewellery
 d - an uncursed amulet of regeneration
 m - an amulet of harm (around mantle)
 o - a ring of stealth (left tentacle)
 p - an uncursed ring of ice
Scrolls
 b - a scroll of immolation {!r, unknown}
 e - a scroll of teleportation {!r, unknown}
 g - 4 scrolls of identify {!r}
 i - a scroll of enchant weapon {!r, unknown}
 n - a scroll of remove curse {!r, unknown}
 r - a scroll of random uselessness {!r}
 s - a scroll of fog {!r, unknown}
Potions
 j - a potion of flight {!q}
 k - a potion of might {!q}
 l - 4 potions of curing {!q}
 q - 2 potions of degeneration {!q}
Comestibles
 c - 8 rations


   Skills:
 - Level 4.2 Fighting
 * Level 3.6 Dodging
 - Level 8.0 Stealth
 - Level 3.3 Unarmed Combat
 - Level 2.0 Spellcasting
 - Level 3.3 Transmutations


You had 2 spell levels left.
You knew the following spells:

 Your Spells              Type           Power        Failure   Level  Hunger
a - Beastly Appendage     Tmut           ##....       5%          1    #......
b - Passwall              Tmut/Erth      #.......     17%         2    ###....
c - Sticks to Snakes      Tmut           ##......     9%          2    ###....
e - Spider Form           Tmut/Pois      #.........   32%         3    ###....

Your spell library contained the following spells:

 Spells                   Type           Power        Failure   Level  Hunger
 Sandblast                Erth           #.....       22%         1    #......
 Stone Arrow              Conj/Erth      #.....       54%         3    ###....
 Ice Form                 Ice/Tmut       #.......     73%         4    #####..
 Petrify                  Tmut/Erth      #.......     73%         4    #####..
 Blade Hands              Tmut           ##........   83%         5    ######.
 Lee's Rapid Deconstruct  Erth           #.........   99%         5    ######.


Dungeon Overview and Level Annotations

Branches:
Dungeon (5/15)
 Temple: D:4-7

Altars:
Fedhas

Shops:
D:5 (

Annotations:
D:3 Grinder, Jessica
D:5 3 runed translucent doors, PeterLawrence's ghost, amateur MiFi


Innate Abilities, Weirdness & Mutations

You cannot wear most types of armour.
You are very stealthy in the water. (Stealth+)
You are amphibious.
You can wear up to eight rings at the same time.
You can use your tentacles to constrict eight enemies at once.
Your skin changes colour to match your surroundings (Stealth+).
Your rubbery body absorbs attacks. (AC +1, EV +1)


Message History

* * * LOW HITPOINT WARNING * * *
Found a ration.
Found 13 gold pieces.
Casting: Spider Form (safe; 32% risk of failure)
Confirm with . or Enter, or press ? or * to list all spells.
Okay, then.
Casting: Spider Form (safe; 32% risk of failure)
Confirm with . or Enter, or press ? or * to list all spells.
You create a snake!
You now have 43 arrows.
You swap places.
The ogre barely misses your adder.
Really read
g - 5 scrolls labeled XEYKLOU WUEMUM {!r}?
As you read the scroll labeled XEYKLOU WUEMUM {!r}, it crumbles to dust.
It is a scroll of identify.
q - 2 potions of degeneration {!q} The ogre hits your adder with a +0 giant club!
Your adder dies!
Casting: Sticks to Snakes (safe; 9% risk of failure)
Confirm with . or Enter, or press ? or * to list all spells.
You miscast Sticks to Snakes.
You are very lightly contaminated with residual magic.
Your skin tingles.
Casting: Sticks to Snakes (safe; 9% risk of failure)
Confirm with . or Enter, or press ? or * to list all spells.
You create a snake!
You now have 42 arrows.
The ogre completely misses your ball python.
The ogre hits your ball python with a +0 giant club!
Your ball python dies!
Casting: Sticks to Snakes (safe; 9% risk of failure)
Confirm with . or Enter, or press ? or * to list all spells.
Aiming: Passwall (safe; 17% risk of failure)
Press: ? - help, Dir - move target cursor A rock wall.
Okay, then.
Unknown command.
Really quaff
j - 2 dark potions {!q}?
It was a potion of flight {!q}.
You feel very buoyant.
You fly up into the air.
Really read
r - 2 scrolls labeled IWA VIRCHUNGUU {!r}?
As you read the scroll labeled IWA VIRCHUNGUU {!r}, it crumbles to dust.
Your tentacles glow pale chartreuse for a moment.
It was a scroll of random uselessness {!r}.
Casting: Passwall (safe; 17% risk of failure)
Confirm with . or Enter, or press ? or * to list all spells.
You create a snake!
You now have 41 arrows.
The ogre barely misses your ball python.
Okay, then.
Really quaff
f - a yellow potion {!q}?
It was a potion of haste {!q}.
You feel yourself speed up.
The ogre barely misses your ball python.
Really quaff
h - a brown potion {!q}?
Okay, then.
Really quaff
h - a brown potion {!q}?
It was a potion of ambrosia {!q}.
You are confused.
You feel invigorated.
The ogre hits your ball python with a +0 giant club!!
Your ball python dies!
You bump into the translucent stone wall.
You feel less invigorated.
You feel less confused.
The ogre hits you with a +0 giant club!!
Ouch! That really hurt!
You die...

#.........##.....######.####...##
##.......####.#.........# ##..#
##.....## #.########### ##.#
##...## #.# #.# #####'### #.# #.#
#.......# #.# ###.# #.###.#.# #.#
####### #...# ...^#.#.#
#.#####.....####.####
........#####.##@O...............
..............####+++####.##.##..
........########WZZ....##.##.##..
........# ##.....###.##.##..
#####.### #.......##.##..... #.#
##.%$..###.#####.. #.#
#..#.#..##.#####.. #.#
##########........ #.# #########


You could see an ogre, PeterLawrence's ghost, a giant cockroach zombie and a
bullfrog skeleton.

Vanquished Creatures
  Sigmund (D:3)
  Menkaure (D:4)
  A phantom (D:5)
  An ogre (D:5)
  A bullfrog (D:5)
  A crimson imp (D:5)
  2 hounds
  An orc priest (D:4)
  An orc wizard (D:4)
  A bullfrog skeleton (D:4)
  An iguana (D:4)
  3 adders
  A dart slug (D:2)
  3 leopard geckos
  5 orcs
  2 ball pythons
  A bat (D:3)
  2 giant cockroaches
  3 goblins
  A hobgoblin (D:1)
  A quokka (D:2)
  2 frilled lizards
  A jackal skeleton (D:4)
  2 kobolds (D:2)
  A leopard gecko skeleton (D:4)
  2 rats
42 creatures vanquished.

Vanquished Creatures (collateral kills)
  An orc priest (D:4)
  An adder (D:4)
2 creatures vanquished.

Grand Total: 44 creatures vanquished

Notes
Turn   | Place    | Note
-------+----------+-------------------------------------------
     0 | D:1      | Amnesiac the Octopode Transmuter began the quest for the
                  | Orb.
     0 | D:1      | Reached XP level 1. HP: 13/13 MP: 3/3
   103 | D:2      | Reached XP level 2. HP: 18/18 MP: 5/5
   108 | D:2      | Learned a level 2 spell: Sticks to Snakes
   192 | D:2      | Found a faded altar of an unknown god.
   320 | D:3      | Reached XP level 3. HP: 23/23 MP: 6/6
   325 | D:3      | Learned a level 3 spell: Spider Form
   329 | D:3      | Noticed Grinder
   330 | D:3      | Noticed Jessica
   499 | D:3      | Noticed Sigmund
   512 | D:3      | Killed Sigmund
   512 | D:3      | Reached XP level 4. HP: 13/33 MP: 1/7
   512 | D:3      | Reached XP level 5. HP: 15/37 MP: 1/8
   531 | D:3      | Found a blossoming altar of Fedhas.
   672 | D:4      | Reached skill level 1 in Stealth
   699 | D:4      | Learned a level 2 spell: Passwall
   722 | D:4      | Reached skill level 3 in Stealth
   722 | D:4      | Reached XP level 6. HP: 43/43 MP: 6/9
   733 | D:5      | Entered Level 5 of the Dungeon
   838 | D:4      | Noticed Menkaure
   850 | D:4      | Killed Menkaure
   850 | D:4      | Reached skill level 5 in Stealth
  1088 | D:4      | Reached skill level 6 in Stealth
  1111 | D:4      | Reached XP level 7. HP: 30/48 MP: 10/10
  1800 | D:5      | Reached skill level 7 in Stealth
  2405 | D:5      | Found Pegh's Weapon Emporium.
  2423 | D:5      | Reached skill level 8 in Stealth
  2576 | D:5      | Found a runed translucent gate.
  2632 | D:5      | Found a runed translucent gate.
  2633 | D:5      | Found a runed translucent gate.
  2634 | D:5      | Noticed PeterLawrence's ghost (amateur MiFi)
  2655 | D:5      | Slain by an ogre

Levels and vault maps discovered:
D:1:      minmay_arrival_nine_rooms, layout_loops_corners,
          chequers_decorated_corner, chequers_garden, minmay_tall_x
D:2:      layout_basic, chequers_ecumenical_altar_island
D:3:      layout_rooms, fedhas_altar_1, roderic_malta_cross, minmay_vboxes,
          uniq_grinder, uniq_crazy_yiuf_cottage, uniq_jessica, uniq_sigmund
D:4:      layout_loops_cross, chequers_serial_rivers_large_a, uniq_menkaure
D:5:      layout_loops_corners, first_ration, gammafunk_ghost_necromancy,
          kennysheep_minor_cross, kennysheep_windowed_goal

Skill      XL: |  1  2  3  4  5  6  7 |
---------------+----------------------+-----
Transmutations | 3 |  3.3
Fighting       | 4 |  4.2
Stealth        | 3 6 8 |  8.0
Dodging        | 3 |  3.6
Unarmed Combat | |  3.3
Spellcasting   | |  2.0

Action                   |  1- 3 |  4- 6 |  7- 9 || total
-------------------------+-------+-------+-------++-------
Melee: Unarmed           |    51 |    39 |    42 ||   132
       Constrict         |    11 |    10 |     7 ||    28
       Tentacles         |    11 |     9 |     6 ||    26
       Punch             |     2 |     2 |       ||     4
       Kick              |       |       |     3 ||     3
 Cast: Sticks to Snakes  |     2 |     3 |    11 ||    16
       Spider Form       |       |       |     2 ||     2
       Beastly Appendage |       |       |     2 ||     2
       Passwall          |       |       |     1 ||     1
  Use: Potion            |     1 |     1 |     3 ||     5
       Scroll            |       |       |     2 ||     2
 Stab: Sleeping          |     5 |     1 |     5 ||    11
  Eat: Ration            |       |     2 |       ||     2
Armor: Skin              |     1 |     1 |     5 ||     7
Dodge: Dodged            |    24 |    23 |    20 ||    67

Table legend:
 A = Non-vault XP
 B = Vault XP
 C = Vault XP percentage of total XP
 D = Non-vault monster count
 E = Vault monster count
 F = Vault count percentage of total count
                 A         B        C        D         E       F
            +---------+---------+-------+---------+---------+-------
      Total |     689 |     402 |  36.8 |      41 |       3 |   6.8
            +---------+---------+-------+---------+---------+-------
        D:1 |       6 |       0 |   0.0 |       3 |       0 |   0.0
        D:2 |      33 |       0 |   0.0 |      11 |       0 |   0.0
        D:3 |      19 |     193 |  91.0 |       5 |       1 |  16.7
        D:4 |     263 |     169 |  39.1 |      14 |       1 |   6.7
        D:5 |     368 |      40 |   9.8 |       8 |       1 |  11.1
            +---------+---------+-------+---------+---------+-------
